 Dungeon Crawl Stone Soup version 0.30.0-3-ga4e48a9924 (webtiles) character file.

Game seed: 699142639168284579

847 Irreverend the Digger (level 8, -1/41 HPs)
             Began as a Gargoyle Earth Elementalist on May 8, 2023.
             Slain by an orc priest
             ... wielding a +0 flail
              (3 damage)
             ... on level 5 of the Dungeon.
             The game lasted 00:10:11 (5335 turns).

Irreverend the Digger (Gargoyle Earth Elementalist) Turns: 5335, Time: 00:10:12

Health: -1/41      AC:  7    Str: 13    XL:     8   Next: 1%
Magic:  0/15       EV: 11    Int: 17    God:
Gold:   305        SH:  0    Dex: 10    Spells: 11/17 levels left

rFire   . . .        (no weapon)
rCold   . . .        A - orb {guile}
rNeg    + . .        a - +0 robe
rPois   ∞            (no helmet)
rElec   +            (no cloak)
rCorr   .            (no gloves)
SInv    .            (no boots)
Will    .....        (no amulet)
Stlth   ++           (no ring)
HPRegen 0.26/turn    (no ring)
MPRegen 0.14/turn

%: no passive effects
@: no status effects
A: sickness immunity, AC +5, negative energy resistance 1, electricity
resistance, torment resistance 1, petrification resistance
a: no special abilities


You were on level 5 of the Dungeon.
You visited 1 branch of the dungeon, and saw 5 of its levels.
You also visited: Sewer.

You collected 305 gold pieces.

Inventory:

Missiles
 x - a throwing net
Armour
 a - a +0 robe (worn)
 A - an orb of guile (worn)
Jewellery
 D - a +6 ring of dexterity
Wands
 b - a wand of quicksilver (3)
 k - a wand of flame (15)
 r - a wand of polymorph (7)
 z - a wand of mindburst (14)
Scrolls
 c - a scroll of vulnerability {unknown}
 d - a scroll of silence {unknown}
 f - 2 scrolls of enchant armour {unknown}
 g - 4 scrolls of identify {unknown}
 h - 4 scrolls of teleportation {unknown}
 i - 3 scrolls of magic mapping {unknown}
 j - 2 scrolls of blinking
 o - a scroll of enchant weapon {unknown}
 s - 2 scrolls of poison {unknown}
 y - a scroll of torment {unknown}
 C - a scroll of fear {unknown}
Potions
 e - a potion of berserk rage {unknown}
 l - a potion of mutation {unknown}
 m - 2 potions of haste
 n - a potion of heal wounds {unknown}
 p - a potion of curing {unknown}
 q - a potion of invisibility {unknown}
 t - a potion of lignification {unknown}
 v - a potion of brilliance {unknown}
 w - a potion of might {unknown}
 B - a potion of magic
Miscellaneous
 u - a piece from Xom's chessboard (15/15)


   Skills:
 - Level 1.5 Dodging
 - Level 2.1 Stealth
 + Level 5.1 Spellcasting
 + Level 4.7 Conjurations
 - Level 0.7 Transmutations
 + Level 7.3 Earth Magic


You had 11 spell levels left.
You knew the following spells:

 Your Spells              Type           Power      Damage    Failure   Level
a - Sandblast             Erth           58%        2d13      1%          1
b - Stone Arrow           Conj/Erth      48%        3d10      3%          3
c - Passwall              Tmut/Erth      15%        N/A       4%          2

Your spell library contained the following spells:

 Spells                   Type           Power      Damage    Failure   Level
 Kiss of Death            Conj/Necr      48%        2d9       5%          1
 Sting                    Tmut/Pois      20%        1d4       12%         1
 Slow                     Hex            16%        N/A       14%         1
 Petrify                  Tmut/Erth      18%        N/A       26%         4
 Ignite Poison            Fire/Tmut/Pois 5%         N/A       36%         3
 Confusing Touch          Hex            4%         N/A       38%         3
 Ozocubu's Armour         Ice            4%         N/A       38%         3
 Vampiric Draining        Necr           4%         2d6       38%         3
 Vhi's Electric Charge    Tloc/Air       8%         N/A       38%         3
 Borgnjor's Vile Clutch   Necr/Erth      8%         N/A       65%         5
 Arcjolt                  Conj/Air       6%         1d16      83%         5
 Plasma Beam              Fire/Air       2%         2x1d13    100%        6
 Ozocubu's Refrigeration  Ice            2%         4d7       100%        7
 Death's Door             Necr           2%         N/A       100%        9


Dungeon Overview and Level Annotations

Branches:
Dungeon (5/15)              Sewer (visited)
 Temple: D:4-7

Altars:
Ashenzari
Nemelex Xobeh
Qazlal
Zin


Innate Abilities, Weirdness & Mutations

You are immune to sickness and miasma.
Your stone body is resilient. (AC +5)
You are immune to poison.
You resist negative energy. (rN+)
You are resistant to electric shocks. (rElec)
You are resistant to unholy torment.
You are immune to petrification.


Message History

The iguana closely misses you.
The iguana hisses menacingly.
The iguana barely misses you.
The orc priest shouts!
The orc priest barely misses you.
The orc priest hits you with a +0 flail.
The iguana barely misses you.
You see here a throwing net.
Found a stone staircase leading down.
The orc priest attacks as you move away!
The orc priest barely misses you. The gnoll attacks as you move away!
The gnoll hits you with a +0 whip.
Casting: Sandblast (safe; 1% risk of failure)
Confirm with . or Enter, or press ? or * to list all spells.
Aiming: Sandblast (safe; 1% risk of failure)
Press: ? - help, Shift-Dir - straight line, f/p - iguana
Aim: an iguana (almost dead, 85% to hit)
The blast of sand hits the orc priest!
The orc priest is severely wounded.
The orc priest closely misses you.
Casting: Sandblast (safe; 1% risk of failure)
Confirm with . or Enter, or press ? or * to list all spells.
You don't have enough magic to cast this spell.
Unknown command.
You barely miss the orc priest.
The orc priest is severely wounded.
The orc priest invokes the aid of Beogh against you.
Beogh smites you!
* * * LOW HITPOINT WARNING * * *
Casting: Sandblast (safe; 1% risk of failure)
Confirm with . or Enter, or press ? or * to list all spells.
You don't have enough magic to cast this spell.
Casting: Sandblast (safe; 1% risk of failure)
Confirm with . or Enter, or press ? or * to list all spells.
You don't have enough magic to cast this spell.
The orc priest attacks as you move away!
The orc priest barely misses you.
The orc priest attacks as you move away!
The orc priest hits you with a +0 flail.
You die...

..................
##......g.<..#
......$gg....#
.......#####g#
.......#####o#
...........#g#
#...>......#.###
#..........#...+
#......@olggo.##
#..........##.#
#...........#...
#.#####+#+#.#.....
# .........
.#.###... ...# ..#
##.. ..


You could see an iguana, an orc priest, 2 gnolls and an orc.

Vanquished Creatures
  Duvessa (D:4)
  An ogre (D:5)
  2 scorpions (D:4)
  2 bullfrogs (Sewer)
  Dowan (D:4)
  A hound (D:4)
  3 jellies (D:4)
  Jessica (D:2)
  An iguana (D:4)
  An orc wizard (D:5)
  4 adders
  A gnoll (D:5)
  A worm (D:4)
  4 dart slugs
  3 orcs
  15 endoplasms
  10 giant cockroaches
  6 goblins
  6 hobgoblins
  3 jackals (D:2)
  9 kobolds
  7 quokkas (Sewer)
  13 ball pythons
  3 bats
  12 frilled lizards
  2 rats
113 creatures vanquished.

Notes
Turn   | Place    | Note
-------+----------+-------------------------------------------
     0 | D:1      | Irreverend the Gargoyle Earth Elementalist began the quest
                  | for the Orb.
     0 | D:1      | Reached XP level 1. HP: 10/10 MP: 3/3
   182 | D:1      | Reached XP level 2. HP: 13/15 MP: 3/5
   276 | D:1      | Reached skill level 4 in Earth Magic
   687 | D:2      | Noticed Jessica
   691 | D:2      | Killed Jessica
   692 | D:2      | Reached XP level 3. HP: 16/19 MP: 1/7
   851 | D:2      | Got the Essays on Unclean Debased Words
   879 | D:2      | Reached XP level 4. HP: 23/24 MP: 5/8
   902 | D:2      | Learned a level 3 spell: Stone Arrow
   993 | D:2      | Found a faded altar of an unknown god.
  1663 | D:3      | Found a broken altar of Ashenzari.
  1666 | D:3      | Reached skill level 5 in Earth Magic
  1752 | D:3      | Reached skill level 1 in Conjurations
  2088 | D:3      | Found a glowing drain.
  2192 | Sewer    | Entered a sewer
  2199 | Sewer    | Reached XP level 5. HP: 28/28 MP: 6/10
  3277 | Sewer    | Reached XP level 6. HP: 26/32 MP: 6/12
  3641 | D:3      | Found a sparkling altar of Nemelex Xobeh.
  3886 | D:4      | Reached skill level 6 in Earth Magic
  3928 | D:4      | Learned a level 2 spell: Passwall
  3958 | D:4      | Found a glowing silver altar of Zin.
  4254 | D:4      | Reached XP level 7. HP: 36/36 MP: 3/13
  4392 | D:4      | Found a stormy altar of Qazlal.
  4489 | D:4      | Noticed Duvessa
  4489 | D:4      | Noticed Dowan
  4504 | D:4      | HP: 1/36 [Duvessa/bolt of dispelling energy (7)]
  4506 | D:4      | Killed Duvessa
  4529 | D:4      | Killed Dowan
  5073 | D:4      | Reached skill level 7 in Earth Magic
  5303 | D:5      | Entered Level 5 of the Dungeon
  5318 | D:5      | Reached skill level 5 in Spellcasting
  5322 | D:5      | Reached XP level 8. HP: 18/41 MP: 2/15
  5331 | D:5      | HP: 1/41 [orc priest/divine providence (13)]
  5335 | D:5      | Slain by an orc priest

Illustrated notes

Levels and vault maps discovered:
D:1:      dpeg_arrival_pits, layout_basic, serial_bayou_pond_c
D:2:      layout_basic, ebering_ecumenical_altar_hall, kennysheep_doodads,
          uniq_jessica
D:3:      layout_rooms, evilmike_ruin_ashenzari, mainiacjoe_overflow_alcove_1,
          cheibrodos_sewer_entry_drain
D:4:      layout_basic, nicolae_qazlal_eye_of_the_storm, zin_academy,
          uniq_duvessa
D:5:      layout_basic, minmay_temple_entry_nine_rooms, enter_ossuary_1

Skill      XL: |  1  2  3  4  5  6  7 |
---------------+----------------------+-----
Earth Magic    | 4 5 6 7 |  7.3
Spellcasting   | 3 4 5 |  5.1
Conjurations   | 1 2 3 4 |  4.7
Dodging        | |  1.5
Stealth        | |  2.1
Transmutations | |  0.7

Action                     |  1- 3 |  4- 6 |  7- 9 || total
---------------------------+-------+-------+-------++-------
  Melee: Unarmed           |       |       |     1 ||     1
   Cast: Sandblast         |    28 |    51 |    20 ||    99
         Stone Arrow       |       |    58 |    16 ||    74
    Use: Potion            |       |       |     1 ||     1
 Armour: Robe              |     5 |    29 |     4 ||    38
  Dodge: Dodged            |    13 |    54 |    16 ||    83
